 Dungeon Crawl Stone Soup version 0.19-a0-32-gbfd796a (webtiles) character file.

50 M4edhros the Grave Robber (level 3, -2/21 HPs)
             Began as an Octopode Necromancer on May 2, 2016.
             Slain by a hound (6 damage)
             ... on level 4 of the Dungeon.
             The game lasted 00:02:51 (475 turns).

M4edhros the Grave Robber (Octopode Necromancer)     Turns: 475, Time: 00:02:53

Health: -2/21      AC:  1    Str:  7    XL:     3   Next: 79%
Magic:  6/6        EV: 12    Int: 17    God:
Gold:   44         SH:  0    Dex: 13    Spells: 3 memorised, 1 level left

rFire  . . .     SeeInvis .     k - +0 blowgun
rCold  . . .     Gourm    .     (no shield)
rNeg   . . .     Faith    .     (helmet restricted)
rPois  +         Spirit   .     (no amulet)
rElec  .         Dismiss  .     n - ring of poison resistance
rCorr  .         Reflect  .     (no ring)
SustAt .         Harm     .     (no ring)
MR     .....                    (no ring)
Stlth  +++.......               (no ring)
                                (no ring)
                                (no ring)
                                (no ring)

@: very slightly contaminated, not resistant to hostile enchantments, fairly
stealthy
A: almost no armour, amphibious, 8 rings, constrict 8, camouflage 1, gelatinous
body 1
a: no special abilities


You were on level 4 of the Dungeon.
You were not hungry.

You visited 1 branch of the dungeon, and saw 4 of its levels.

You collected 44 gold pieces.

Inventory:

Hand Weapons
 k - a +0 blowgun (weapon)
Missiles
 e - 3 tomahawks
 l - 3 curare-tipped needles (quivered)
Jewellery
 n - a ring of poison resistance (left tentacle)
Scrolls
 c - 2 scrolls of identify {unknown}
 d - a scroll of recharging {unknown}
 h - a scroll of amnesia {unknown}
 i - 2 scrolls of noise {unknown}
 j - a scroll of remove curse {unknown}
 p - a scroll of enchant weapon {unknown}
Potions
 m - a potion of brilliance {unknown}
 o - a potion of degeneration {unknown}
Books
 a - a book of Necromancy

   Spells                             Type                      Level
   a - Pain                           Necromancy                   1
   b - Animate Skeleton               Necromancy                   1
   c - Vampiric Draining              Necromancy                   3
   d - Regeneration                   Charms/Necromancy            3
   e - Animate Dead                   Necromancy                   4
   f - Control Undead                 Necromancy                   4
Comestibles
 b - a bread ration
 g - a meat ration


   Skills:
 - Level 2.0 Dodging
 - Level 2.6 Stealth
 + Level 3.2 Unarmed Combat
 - Level 2.0 Spellcasting
 - Level 4.0 Necromancy


You had one spell level left.
You knew the following spells:

 Your Spells              Type           Power        Failure   Level  Hunger
a - Pain                  Necr           ###.         3%          1    #......
b - Animate Skeleton      Necr           N/A          3%          1    #......
r - Regeneration          Chrm/Necr      #.........   24%         3    ###....


Dungeon Overview and Level Annotations

Branches:
Dungeon (4/15)
 Temple: D:4-7

Altars:
Fedhas

Annotations:
D:3 Sl000nik's ghost, weakling OpTm
D:4 Sl000nik's ghost, amateur GrFi


Innate Abilities, Weirdness & Mutations

You cannot wear most types of armour.
You are amphibious.
You can wear up to eight rings at the same time.
You can use your tentacles to constrict eight enemies at once.
Your skin changes colour to match your surroundings (Stealth).
Your rubbery body absorbs attacks (AC +1).


Message History

You shoot a curare-tipped needle.
The curare-tipped needle closely misses the hound.
The hound barks!
Firing (i - inventory. (,) - cycle):
l - 6 curare-tipped needles (quivered)
Press: ? - help, Shift-Dir - straight line, f/p - hound
Aim: a hound You shoot a curare-tipped needle.
The curare-tipped needle closely misses the hound.
Firing (i - inventory. (,) - cycle):
l - 5 curare-tipped needles (quivered)
Press: ? - help, Shift-Dir - straight line, f/p - hound
Aim: a hound You shoot a curare-tipped needle.
The curare-tipped needle barely misses the hound.
Firing (i - inventory. (,) - cycle):
l - 4 curare-tipped needles (quivered)
Press: ? - help, Shift-Dir - straight line, f/p - hound
Aim: a hound You shoot a curare-tipped needle.
The curare-tipped needle misses the hound.
The hound bites you.
You die...

##...#.).#...##
#...##......#
#....#......#
#....####...#
#.......#####
##.........#
#.........#
##(......##
#.(.(.h@#
##.....##
##...## ##.##
...# .### #


You could see a hound.

Vanquished Creatures
  An orc wizard (D:4)
  An adder (D:4)
  An ooze (D:3)
  2 goblins
  3 kobolds
  A giant newt (D:2)
  5 rats
14 creatures vanquished.

Notes
Turn   | Place    | Note
--------------------------------------------------------------
     0 | D:1      | M4edhros the Octopode Necromancer began the quest for the Orb.
     0 | D:1      | Reached XP level 1. HP: 11/11 MP: 3/3
   161 | D:2      | Reached skill level 1 in Unarmed Combat
   191 | D:2      | Reached XP level 2. HP: 8/17 MP: 1/5
   285 | D:3      | Found a blossoming altar of Fedhas.
   334 | D:3      | Noticed Sl000nik's ghost (weakling OpTm)
   388 | D:4      | Reached XP level 3. HP: 9/21 MP: 4/6
   391 | D:4      | Learned a level 1 spell: Animate Skeleton
   395 | D:4      | Learned a level 3 spell: Regeneration
   428 | D:4      | Noticed Sl000nik's ghost (amateur GrFi)
   475 | D:4      | Slain by a hound

Vault maps used:
D:1:      nicolae_arrival_washed_ashore, minmay_misc_feat_room, minivault_4,
          serial_bayou_lagoon_b
D:2:      lightli_temple_of_fire, old_standard_altar, first_bread, minivault_11
D:3:      lemuel_doored_altar, fedhas_altar_2, uniq_sigmund
D:4:      kennysheep_spiral_hall, lemuel_crystal_altar, serial_shops, shop,
          minmay_misc_feat_more_columns, trog_three_pillars_becter

Skill      XL: |  1  2  3 |
---------------+----------+-----
Unarmed Combat | 1 2 3 |  3.2
Dodging        | |  2.0
Stealth        | |  2.6
Spellcasting   | |  2.0
Necromancy     | |  4.0

Action                   || total
-------------------------++-------
Melee: Unarmed           ||    14
       Constrict         ||     4
       Tentacles         ||     3
 Fire: Blowgun           ||     6
 Cast: Pain              ||    14
       Regeneration      ||     2
  Use: Potion            ||     1
 Stab: Sleeping          ||     1
Armor: Skin              ||     1
Dodge: Dodged            ||     6
